WCHLSIM.com - West Coast Hockey League
html PUBLIC "-//W3C//DTD XHTML 1.0 Transitional//EN" "http://www.w3.org/TR/xhtml1/DTD/xhtml1-transitional.dtd"> WCHL - Game 94 - TEXAS TOROS vs LAS VEGAS LIZARD KINGS

TEXAS TOROS vs LAS VEGAS LIZARD KINGS

Created - 25 octobre 2022 at 21:11

Goals
1 2 3 T
TEXAS TOROS 4 0 1 5
LAS VEGAS LIZARD KINGS 1 0 0 1
Shots
1 2 3 T
TEXAS TOROS 10 7 7 24
LAS VEGAS LIZARD KINGS 15 3 7 25

1st period

1. LAS VEGAS LIZARD KINGS , Ryan Nugent-Hopkins 4 (Nino Niederreiter 6, Johnny Gaudreau 7) at 2:38 (PP)
2. TEXAS TOROS , Trevor Zegras 4 (Jason Zucker 3, Vladislav Namestnikov 2) at 3:20
3. TEXAS TOROS , Barrett Hayton 5 (Ryan Suter 2, Eetu Luostarinen 8) at 7:00 (PP)
4. TEXAS TOROS , Jason Zucker 1 (Trevor Zegras 4) at 7:51
5. TEXAS TOROS , Trevor Zegras 5 (Jason Zucker 4, Erik Gustafsson 1) at 9:40

Penalties :
Richard Panik (TEX) for Cross-checking (Minor) at 1:20, Nino Niederreiter (LVG) for Interference (Minor) at 6:26, Tyson Barrie (TEX) for Holding (Minor) at 9:52, Trevor Zegras (TEX) for Interference (Minor) at 13:28, Ryan Suter (TEX) for Slashing (Double Minor) at 19:41

2nd period

No Goal

Penalties :
Ryan Nugent-Hopkins (LVG) for Hooking (Minor) at 14:40

3rd period

6. TEXAS TOROS , Ryan Suter 2 (Jason Zucker 5, Trevor Zegras 5) at 3:27

Penalties :
Nate Schmidt (TEX) for Interference (Minor) at 14:39, Sean Monahan (LVG) for Holding (Minor) at 19:36

Goalie Stats

Philipp Grubauer (TEX), 24 saves from 25 shots - (0,960), W, 4-2-0, 60:00 minutes
Mikko Koskinen (LVG), 19 saves from 24 shots - (0,792), L, 2-1-2, 60:00 minutes

Players Stats for TEXAS TOROS

Player Name              G  A  P  +/- PIM S  H  SB GA TA FO     MP     PP MP  PK MP  
------------------------------------------------------------------------------------
Barrett Hayton           1  0  1   0  0   4  0  0  0  0  0/1    18:19   1:19   5:04 
Brandon Duhaime          0  0  0   0  0   0  1  0  0  0  0/2    13:21   0:00   3:47 
Connor Bunnaman          0  0  0   0  0   0  1  0  0  0  2/5     9:40   0:00   0:26 
Dante Fabbro             0  0  0   0  0   1  0  3  0  0  0/0    21:02   1:23   6:30 
Eetu Luostarinen         0  1  1   0  0   2  0  1  0  0  12/21  17:49   1:19   4:34 
Erik Gustafsson          0  1  1   2  0   0  3  1  0  0  0/0    18:52   0:00   2:45 
Jason Zucker             1  3  4   4  0   3  2  0  0  0  0/0    16:43   1:37   0:00 
Miles Wood               0  0  0   0  0   0  1  0  0  0  0/1     9:14   0:00   0:00 
Nate Schmidt             0  0  0   2  2   2  1  2  0  0  0/0    21:57   1:33   3:51 
Owen Power               0  0  0   2  0   1  0  2  0  0  0/0    15:03   0:00   0:42 
Richard Panik            0  0  0   0  2   0  1  0  0  0  0/2    13:14   1:19   0:00 
Ryan Poehling            0  0  0   0  0   0  0  0  0  0  7/11    9:34   0:00   0:00 
Ryan Suter               1  1  2   2  4   1  1  2  0  0  0/0    23:06   1:33   3:14 
Taylor Raddysh           0  0  0   0  0   2  0  0  0  0  0/0     9:34   0:00   0:00 
Trevor Zegras            2  2  4   4  2   6  1  0  0  0  10/24  21:23   1:37   4:41 
Tyson Barrie             0  0  0   0  2   1  1  1  0  0  0/0    19:57   1:23   5:26 
Vladislav Namestnikov    0  1  1   4  0   1  3  0  0  0  0/2    20:39   1:37   3:56 
Yegor Chinakhov          0  0  0   0  0   0  0  0  0  0  0/1     9:14   0:00   0:00 

Players Stats for LAS VEGAS LIZARD KINGS

Player Name              G  A  P  +/- PIM S  H  SB GA TA FO     MP     PP MP  PK MP  
------------------------------------------------------------------------------------
Brandon Hagel            0  0  0  -2  0   1  2  1  0  0  1/3    15:52   0:46   2:11 
Brayden McNabb           0  0  0   0  0   2  1  1  0  0  0/0    19:19   0:36   1:18 
Drake Caggiula           0  0  0   0  0   1  0  0  0  0  0/0     5:37   0:00   0:00 
Dylan Gambrell           0  0  0   0  0   1  0  0  0  0  0/0     5:37   0:00   0:00 
Evan Rodrigues           0  0  0  -2  0   0  0  3  0  0  2/6    20:56   5:50   2:11 
Jack Johnson             0  0  0  -1  0   1  2  2  0  0  0/0    15:17   0:12   0:00 
Jeff Carter              0  0  0  -2  0   3  0  0  0  0  16/19  19:30   5:50   0:45 
John Klingberg           0  0  0   0  0   2  0  0  0  0  0/0    23:08   5:06   1:18 
John Marino              0  0  0  -3  0   0  0  0  0  0  0/0    21:11   5:32   1:38 
Johnny Gaudreau          0  1  1  -2  0   7  1  1  0  0  0/1    20:52   5:12   0:00 
Matt Roy                 0  0  0  -3  0   0  3  0  0  0  0/0    19:33   5:32   0:00 
Matthew Nieto            0  0  0   0  0   0  2  0  0  0  0/1    11:38   0:00   0:00 
Nick Leddy               0  0  0  -1  0   0  1  0  0  0  0/0    21:32   5:30   1:38 
Nino Niederreiter        0  1  1  -2  2   1  3  0  0  0  0/1    20:29   4:50   0:00 
Ryan Nugent-Hopkins      1  0  1  -2  2   3  1  0  0  0  11/21  20:51   5:12   0:00 
Sean Monahan             0  0  0   0  2   0  0  0  0  0  8/13   11:49   0:12   0:00 
Victor Olofsson          0  0  0   0  0   1  0  0  0  0  0/1    17:28   5:50   0:00 
Zemgus Girgensons        0  0  0   0  0   2  0  0  0  0  1/4     6:22   0:00   0:45 

3 Stars

1 - Jason Zucker (TEX)
2 - Trevor Zegras (TEX)
3 - Vladislav Namestnikov (TEX)

Power Play

TEXAS TOROS - 1 on 3 Attempt(s) - 33,33%
LAS VEGAS LIZARD KINGS - 1 on 6 Attempt(s) - 16,67%

Penalty Kill

TEXAS TOROS - 5 on 6 Attempt(s) - 83,33% - Score 0 goal in Penalty Kill
LAS VEGAS LIZARD KINGS - 2 on 3 Attempt(s) - 66,67% - Score 0 goal in Penalty Kill

Team Stat

TEXAS TOROS - Hits : 16 - Faceoff Wins : 31 - Blocked Shots : 12 - Penalty Minutes : 12
LAS VEGAS LIZARD KINGS - Hits : 16 - Faceoff Wins : 39 - Blocked Shots : 8 - Penalty Minutes : 6

Official

Referees : Tim Mayer and Dan Kelly
Linesman : Jesse Marquis and Trent Knorr

Game Notes

No Game Note

Finance

Level 1 -- Attendance: 4838 (77,16%) -- Ticket Income 1 064 360 $
Level 2 -- Attendance: 3875 (61,31%) -- Ticket Income 581 250 $
Level 3 -- Attendance: 1535 (73,44%) -- Ticket Income 199 550 $
Level 4 -- Attendance: 2776 (64,26%) -- Ticket Income 277 600 $
Luxury Box -- Attendance: 779 (77,90%) -- Ticket Income 311 600 $
Game was played at the Casino Square Garden.
Total Attendance: 13803 (69,02%)
Total Ticket Income: 2 434 360 $
Other Expense: 24 344 $
Total Income: 2 410 016 $

TEXAS TOROS

5 vs 5 Forward 
   Center                   Left Wing                Right Wing               Time % Phy DF OF 
 1 Trevor Zegras            Vladislav Namestnikov    Jason Zucker             36     1   2  2  
 2 Eetu Luostarinen         Barrett Hayton           Richard Panik            31     1   2  2  
 3 Ryan Poehling            Brandon Duhaime          Taylor Raddysh           23     1   2  2  
 4 Connor Bunnaman          Miles Wood               Yegor Chinakhov          10     1   2  2  

5 vs 5 Defense 
   Defense                  Defense                                           Time % Phy DF OF 
 1 Ryan Suter               Nate Schmidt                                      36     1   2  2  
 2 Tyson Barrie             Dante Fabbro                                      31     1   2  2  
 3 Owen Power               Erik Gustafsson                                   23     1   2  2  
 4 Ryan Suter               Nate Schmidt                                      10     1   2  2  

PowerPlay Forward 
   Center                   Left Wing                Right Wing               Time % Phy DF OF 
 1 Trevor Zegras            Vladislav Namestnikov    Jason Zucker             55     1   2  2  
 2 Eetu Luostarinen         Barrett Hayton           Richard Panik            45     1   2  2  

PowerPlay Defense
   Defense                  Defense                                           Time % Phy DF OF 
 1 Ryan Suter               Nate Schmidt                                      55     1   2  2  
 2 Tyson Barrie             Dante Fabbro                                      45     1   2  2  

Penalty Kill 4 Players Forward 
   Center                   Wing                     Time % Phy DF OF 
 1 Trevor Zegras            Eetu Luostarinen         55     1   2  2  
 2 Vladislav Namestnikov    Barrett Hayton           45     1   2  2  

Penalty Kill 4 Players Defense
   Defense                  Defense                  Time % Phy DF OF 
 1 Ryan Suter               Nate Schmidt             55     1   2  2  
 2 Tyson Barrie             Dante Fabbro             45     1   2  2  

Penalty Kill - 3 Players Forward 
   Forward                                           Time % Phy DF OF 
 1 Trevor Zegras                                     55     1   2  2  
 2 Eetu Luostarinen                                  45     1   2  2  

Penalty Kill - 3 Players Defense
   Defense                  Defense                  Time % Phy DF OF 
 1 Ryan Suter               Nate Schmidt             55     1   2  2  
 2 Tyson Barrie             Dante Fabbro             45     1   2  2  

4 vs 4 Forward 
   Center                   Wing                     Time % Phy DF OF 
 1 Trevor Zegras            Eetu Luostarinen         55     1   2  2  
 2 Vladislav Namestnikov    Barrett Hayton           45     1   2  2  

4 vs 4 Defense
   Defense                  Defense                  Time % Phy DF OF 
 1 Ryan Suter               Nate Schmidt             55     1   2  2  
 2 Tyson Barrie             Dante Fabbro             45     1   2  2  

Last Minutes Offensive
   Center                   Left Wing                Right Wing               Defense                  Defense                  
   Trevor Zegras            Vladislav Namestnikov    Jason Zucker             Ryan Suter               Nate Schmidt             

Last Minutes Defensive
   Center                   Left Wing                Right Wing               Defense                  Defense                  
   Trevor Zegras            Vladislav Namestnikov    Jason Zucker             Ryan Suter               Nate Schmidt             

Goaltenders
Starting : Philipp Grubauer         
Backup : Adin Hill                

Extra Forwards
Normal : Taylor Raddysh, Ryan Poehling, Brandon Duhaime - PP : Taylor Raddysh, Ryan Poehling - PK : Brandon Duhaime
Extra Defensemen
Normal : Owen Power, Erik Gustafsson, Tyson Barrie - PP : Owen Power - PK : Erik Gustafsson, Tyson Barrie
Penalty Shots
Trevor Zegras, Eetu Luostarinen, Vladislav Namestnikov, Barrett Hayton, Jason Zucker
Custom OT Lines Forwards
Trevor Zegras, Eetu Luostarinen, Vladislav Namestnikov, Barrett Hayton, Jason Zucker, Richard Panik, Taylor Raddysh, Ryan Poehling, Brandon Duhaime, Yegor Chinakhov
Custom OT Lines Defensemen
Ryan Suter, Nate Schmidt, Tyson Barrie, Dante Fabbro, Owen Power

Scratches
Alec Martinez (Left Hand Injury)

LAS VEGAS LIZARD KINGS

5 vs 5 Forward 
   Center                   Left Wing                Right Wing               Time % Phy DF OF 
 1 Ryan Nugent-Hopkins      Johnny Gaudreau          Nino Niederreiter        37     0   2  3  
 2 Jeff Carter              Brandon Hagel            Evan Rodrigues           30     0   2  3  
 3 Sean Monahan             Victor Olofsson          Matthew Nieto            25     1   3  1  
 4 Zemgus Girgensons        Drake Caggiula           Dylan Gambrell           8      1   2  2  

5 vs 5 Defense 
   Defense                  Defense                                           Time % Phy DF OF 
 1 Brayden McNabb           John Klingberg                                    40     1   2  2  
 2 John Marino              Matt Roy                                          30     0   2  3  
 3 Nick Leddy               Jack Johnson                                      30     1   2  2  
 4 Brayden McNabb           John Klingberg                                    0      1   2  2  

PowerPlay Forward 
   Center                   Left Wing                Right Wing               Time % Phy DF OF 
 1 Ryan Nugent-Hopkins      Johnny Gaudreau          Nino Niederreiter        55     1   2  2  
 2 Jeff Carter              Evan Rodrigues           Victor Olofsson          45     1   2  2  

PowerPlay Defense
   Defense                  Defense                                           Time % Phy DF OF 
 1 Nick Leddy               John Klingberg                                    55     1   2  2  
 2 John Marino              Matt Roy                                          45     1   2  2  

Penalty Kill 4 Players Forward 
   Center                   Wing                     Time % Phy DF OF 
 1 Evan Rodrigues           Brandon Hagel            55     1   2  2  
 2 Jeff Carter              Zemgus Girgensons        45     1   2  2  

Penalty Kill 4 Players Defense
   Defense                  Defense                  Time % Phy DF OF 
 1 Brayden McNabb           John Klingberg           55     1   2  2  
 2 Nick Leddy               John Marino              45     1   2  2  

Penalty Kill - 3 Players Forward 
   Forward                                           Time % Phy DF OF 
 1 Sean Monahan                                      55     1   2  2  
 2 Zemgus Girgensons                                 45     1   2  2  

Penalty Kill - 3 Players Defense
   Defense                  Defense                  Time % Phy DF OF 
 1 John Marino              Jack Johnson             55     1   2  2  
 2 Nick Leddy               Brayden McNabb           45     1   2  2  

4 vs 4 Forward 
   Center                   Wing                     Time % Phy DF OF 
 1 Johnny Gaudreau          Ryan Nugent-Hopkins      55     1   2  2  
 2 Jeff Carter              Nino Niederreiter        45     1   2  2  

4 vs 4 Defense
   Defense                  Defense                  Time % Phy DF OF 
 1 Brayden McNabb           John Klingberg           55     1   2  2  
 2 Nick Leddy               John Marino              45     1   2  2  

Last Minutes Offensive
   Center                   Left Wing                Right Wing               Defense                  Defense                  
   Ryan Nugent-Hopkins      Johnny Gaudreau          Nino Niederreiter        Nick Leddy               John Klingberg           

Last Minutes Defensive
   Center                   Left Wing                Right Wing               Defense                  Defense                  
   Evan Rodrigues           Johnny Gaudreau          Nino Niederreiter        Brayden McNabb           Matt Roy                 

Goaltenders
Starting : Mikko Koskinen           
Backup : Spencer Knight           

Extra Forwards
Normal : Victor Olofsson, Brandon Hagel, Sean Monahan - PP : Evan Rodrigues, Brandon Hagel - PK : Sean Monahan
Extra Defensemen
Normal : John Marino, Jack Johnson, Nick Leddy - PP : John Marino - PK : Jack Johnson, Nick Leddy
Penalty Shots
Johnny Gaudreau, Ryan Nugent-Hopkins, Victor Olofsson, Jeff Carter, Brandon Hagel
Custom OT Lines Forwards
Johnny Gaudreau, Ryan Nugent-Hopkins, Jeff Carter, Nino Niederreiter, Evan Rodrigues, Brandon Hagel, Victor Olofsson, Sean Monahan, Zemgus Girgensons, Matthew Nieto
Custom OT Lines Defensemen
Brayden McNabb, John Klingberg, Nick Leddy, Matt Roy, John Marino

Scratches
None


% Time on Ice - TEXAS TOROS

Lines # - Real PCT - Wanted PCT - Time Play
Normal Forward
1 - 33% - 36% - 15:06
2 - 26% - 31% - 11:56
3 - 21% - 23% - 9:34
4 - 20% - 10% - 9:14
Normal Defense
1 - 37% - 36% - 16:46
2 - 29% - 31% - 13:09
3 - 30% - 23% - 13:45
4 - 5% - 10% - 2:10
PP Forward
1 - 55% - 55% - 1:37
2 - 45% - 45% - 1:19
PP Defense
1 - 53% - 55% - 1:33
2 - 47% - 45% - 1:23
PK Forward
1 - 55% - 55% - 6:10
2 - 45% - 45% - 5:04
PK Defense
1 - 42% - 55% - 4:44
2 - 58% - 45% - 6:30
PK3 Forward
1 - 0% - 55%
2 - 0% - 45%
PK3 Defense
1 - 0% - 55%
2 - 0% - 45%
44 Forward
1 - 0% - 55%
2 - 0% - 45%
44 Defense
1 - 0% - 55%
2 - 0% - 45%
Last Minute Offensive  - 0:00
Last Minute Defensive  - 0:00
Total
Forward - 60:00
Defense - 60:00

% Time on Ice - LAS VEGAS LIZARD KINGS

Lines # - Real PCT - Wanted PCT - Time Play
Normal Forward
1 - 34% - 37% - 15:40
2 - 28% - 30% - 12:55
3 - 25% - 25% - 11:38
4 - 12% - 8% - 5:37
Normal Defense
1 - 38% - 40% - 17:25
2 - 31% - 30% - 14:01
3 - 31% - 30% - 14:24
4 - 0% - 0% - 0:00
PP Forward
1 - 48% - 55% - 5:24
2 - 52% - 45% - 5:50
PP Defense
1 - 49% - 55% - 5:30
2 - 51% - 45% - 5:44
PK Forward
1 - 74% - 55% - 2:11
2 - 26% - 45% - 0:45
PK Defense
1 - 44% - 55% - 1:18
2 - 56% - 45% - 1:38
PK3 Forward
1 - 0% - 55%
2 - 0% - 45%
PK3 Defense
1 - 0% - 55%
2 - 0% - 45%
44 Forward
1 - 0% - 55%
2 - 0% - 45%
44 Defense
1 - 0% - 55%
2 - 0% - 45%
Last Minute Offensive  - 0:00
Last Minute Defensive  - 0:00
Total
Forward - 60:00
Defense - 60:00

Play-by-Play

1st period


0:01 of 1st period - Trevor Zegras wins face-off versus Ryan Nugent-Hopkins in neutral zone.
0:06 of 1st period - Shot by Trevor Zegras.
0:06 of 1st period - Shot Misses the Net.
0:30 of 1st period - Shot by Ryan Nugent-Hopkins.
0:30 of 1st period - Shot Blocked by Nate Schmidt.
0:32 of 1st period - Shot by Ryan Nugent-Hopkins.
0:32 of 1st period - Shot Misses the Net.
0:53 of 1st period - Icing by Trevor Zegras.
0:54 of 1st period - Sean Monahan wins face-off versus Trevor Zegras in TEXAS TOROS zone.
1:01 of 1st period - Shot by Victor Olofsson.
1:01 of 1st period - Shot Misses the Net.
1:20 of 1st period - Minor Penalty to Richard Panik for Cross-checking.
1:21 of 1st period - Jeff Carter wins face-off versus Trevor Zegras in TEXAS TOROS zone.
1:52 of 1st period - Shot by Evan Rodrigues.
1:52 of 1st period - Shot Blocked by Dante Fabbro.
2:36 of 1st period - Shot by Nino Niederreiter.
2:36 of 1st period - Shot Hit the Post.
2:38 of 1st period - Shot by Nino Niederreiter.
2:38 of 1st period - Deflect By Ryan Nugent-Hopkins.
2:38 of 1st period - Goal by Ryan Nugent-Hopkins - TEXAS TOROS : 0 - LAS VEGAS LIZARD KINGS : 1.
2:39 of 1st period - Connor Bunnaman wins face-off versus Zemgus Girgensons in neutral zone.
3:03 of 1st period - Shot by Drake Caggiula.
3:03 of 1st period - Stopped by Philipp Grubauer without a rebound.
3:04 of 1st period - Jeff Carter wins face-off versus Vladislav Namestnikov in TEXAS TOROS zone.
3:04 of 1st period - Evan Rodrigues is hit by Nate Schmidt and loses puck.
3:13 of 1st period - John Marino is hit by Vladislav Namestnikov and loses puck.
3:18 of 1st period - Shot by Vladislav Namestnikov.
3:18 of 1st period - Stopped by Mikko Koskinen with a rebound.
3:20 of 1st period - Shot by Jason Zucker.
3:20 of 1st period - Deflect By Trevor Zegras.
3:20 of 1st period - Goal by Trevor Zegras - TEXAS TOROS : 1 - LAS VEGAS LIZARD KINGS : 1.
3:21 of 1st period - Eetu Luostarinen wins face-off versus Ryan Nugent-Hopkins in neutral zone.
3:56 of 1st period - Shot by Johnny Gaudreau.
3:56 of 1st period - Stopped by Philipp Grubauer with a rebound.
3:58 of 1st period - Shot by Brayden McNabb.
3:58 of 1st period - Shot Misses the Net.
4:24 of 1st period - Brandon Hagel is hit by Vladislav Namestnikov and loses puck.
5:03 of 1st period - Icing by Trevor Zegras.
5:04 of 1st period - Sean Monahan wins face-off versus Trevor Zegras in TEXAS TOROS zone.
5:10 of 1st period - Icing by Nate Schmidt.
5:11 of 1st period - Sean Monahan wins face-off versus Trevor Zegras in TEXAS TOROS zone.
5:40 of 1st period - Brandon Duhaime is hit by Jack Johnson and loses puck.
5:47 of 1st period - Shot by Taylor Raddysh.
5:47 of 1st period - Stopped by Mikko Koskinen without a rebound.
5:48 of 1st period - Jeff Carter wins face-off versus Miles Wood in LAS VEGAS LIZARD KINGS zone.
6:09 of 1st period - Shot by Evan Rodrigues.
6:09 of 1st period - Shot Blocked by Owen Power.
6:23 of 1st period - Shot by Jeff Carter.
6:23 of 1st period - Shot Misses the Net.
6:25 of 1st period - Shot by John Klingberg.
6:25 of 1st period - Stopped by Philipp Grubauer without a rebound.
6:26 of 1st period - Ryan Poehling wins face-off versus Ryan Nugent-Hopkins in TEXAS TOROS zone.
6:26 of 1st period - Minor Penalty to Nino Niederreiter for Interference.
6:27 of 1st period - Eetu Luostarinen wins face-off versus Evan Rodrigues in LAS VEGAS LIZARD KINGS zone.
7:00 of 1st period - Shot by Barrett Hayton.
7:00 of 1st period - Goal by Barrett Hayton - TEXAS TOROS : 2 - LAS VEGAS LIZARD KINGS : 1.
7:01 of 1st period - Ryan Nugent-Hopkins wins face-off versus Ryan Poehling in neutral zone.
7:15 of 1st period - Johnny Gaudreau is hit by Tyson Barrie and loses puck.
7:18 of 1st period - Shot by Johnny Gaudreau.
7:18 of 1st period - Stopped by Philipp Grubauer with a rebound.
7:20 of 1st period - Shot by Johnny Gaudreau.
7:20 of 1st period - Stopped by Philipp Grubauer without a rebound.
7:21 of 1st period - Sean Monahan wins face-off versus Trevor Zegras in TEXAS TOROS zone.
7:24 of 1st period - Shot by Sean Monahan.
7:24 of 1st period - Deflect By Victor Olofsson.
7:24 of 1st period - Shot Misses the Net.
7:27 of 1st period - Icing by Erik Gustafsson.
7:28 of 1st period - Trevor Zegras wins face-off versus Ryan Nugent-Hopkins in TEXAS TOROS zone.
7:28 of 1st period - Trevor Zegras is hit by Nino Niederreiter.
7:51 of 1st period - Shot by Jason Zucker.
7:51 of 1st period - Goal by Jason Zucker - TEXAS TOROS : 3 - LAS VEGAS LIZARD KINGS : 1.
7:52 of 1st period - Eetu Luostarinen wins face-off versus Victor Olofsson in neutral zone.
8:48 of 1st period - Shot by Taylor Raddysh.
8:48 of 1st period - Shot Misses the Net.
9:14 of 1st period - Shot by Ryan Poehling.
9:14 of 1st period - Shot Blocked by Jack Johnson.
9:16 of 1st period - Shot by Nate Schmidt.
9:16 of 1st period - Stopped by Mikko Koskinen without a rebound.
9:17 of 1st period - Ryan Nugent-Hopkins wins face-off versus Trevor Zegras in LAS VEGAS LIZARD KINGS zone.
9:40 of 1st period - Shot by Jason Zucker.
9:40 of 1st period - Deflect By Trevor Zegras.
9:40 of 1st period - Goal by Trevor Zegras - TEXAS TOROS : 4 - LAS VEGAS LIZARD KINGS : 1.
9:41 of 1st period - Jeff Carter wins face-off versus Yegor Chinakhov in neutral zone.
9:41 of 1st period - Jeff Carter is hit by Miles Wood.
9:49 of 1st period - Shot by Evan Rodrigues.
9:49 of 1st period - Shot Misses the Net.
9:52 of 1st period - Minor Penalty to Tyson Barrie for Holding.
9:53 of 1st period - Ryan Nugent-Hopkins wins face-off versus Trevor Zegras in TEXAS TOROS zone.
10:14 of 1st period - Shot by Johnny Gaudreau.
10:14 of 1st period - Shot Misses the Net.
10:28 of 1st period - Shot by Ryan Nugent-Hopkins.
10:28 of 1st period - Deflect By Johnny Gaudreau.
10:28 of 1st period - Shot Misses the Net.
11:18 of 1st period - Icing by Evan Rodrigues.
11:19 of 1st period - Jeff Carter wins face-off versus Trevor Zegras in LAS VEGAS LIZARD KINGS zone.
12:49 of 1st period - Shot by Johnny Gaudreau.
12:49 of 1st period - Shot Misses the Net.
12:51 of 1st period - Shot by Nino Niederreiter.
12:51 of 1st period - Stopped by Philipp Grubauer without a rebound.
12:52 of 1st period - Ryan Nugent-Hopkins wins face-off versus Trevor Zegras in TEXAS TOROS zone.
13:03 of 1st period - Shot by Vladislav Namestnikov.
13:03 of 1st period - Shot Misses the Net.
13:12 of 1st period - Shot by Trevor Zegras.
13:12 of 1st period - Stopped by Mikko Koskinen with a rebound.
13:24 of 1st period - Nino Niederreiter is hit by Jason Zucker and loses puck.
13:28 of 1st period - Minor Penalty to Trevor Zegras for Interference.
13:29 of 1st period - Jeff Carter wins face-off versus Brandon Duhaime in TEXAS TOROS zone.
13:50 of 1st period - Shot by Jeff Carter.
13:50 of 1st period - Shot Misses the Net.
13:52 of 1st period - Shot by Brayden McNabb.
13:52 of 1st period - Stopped by Philipp Grubauer without a rebound.
13:53 of 1st period - Ryan Nugent-Hopkins wins face-off versus Brandon Duhaime in TEXAS TOROS zone.
14:02 of 1st period - Shot by Ryan Nugent-Hopkins.
14:02 of 1st period - Shot Misses the Net.
14:04 of 1st period - Shot by Johnny Gaudreau.
14:04 of 1st period - Shot Misses the Net.
14:08 of 1st period - Shot by Johnny Gaudreau.
14:08 of 1st period - Shot Hit the Post.
14:43 of 1st period - Shot by Jeff Carter.
14:43 of 1st period - Stopped by Philipp Grubauer without a rebound.
14:44 of 1st period - Jeff Carter wins face-off versus Barrett Hayton in TEXAS TOROS zone.
15:21 of 1st period - Shot by Jeff Carter.
15:21 of 1st period - Stopped by Philipp Grubauer without a rebound.
15:22 of 1st period - Ryan Nugent-Hopkins wins face-off versus Connor Bunnaman in TEXAS TOROS zone.
15:33 of 1st period - Shot by Zemgus Girgensons.
15:33 of 1st period - Shot Blocked by Erik Gustafsson.
15:50 of 1st period - Shot by Dylan Gambrell.
15:50 of 1st period - Stopped by Philipp Grubauer with a rebound.
15:52 of 1st period - Shot by John Klingberg.
15:52 of 1st period - Stopped by Philipp Grubauer with a rebound.
15:54 of 1st period - Shot by Zemgus Girgensons.
15:54 of 1st period - Stopped by Philipp Grubauer without a rebound.
15:55 of 1st period - Jeff Carter wins face-off versus Trevor Zegras in TEXAS TOROS zone.
17:25 of 1st period - Shot by Ryan Nugent-Hopkins.
17:25 of 1st period - Stopped by Philipp Grubauer without a rebound.
17:26 of 1st period - Sean Monahan wins face-off versus Eetu Luostarinen in TEXAS TOROS zone.
17:58 of 1st period - Shot by Eetu Luostarinen.
17:58 of 1st period - Stopped by Mikko Koskinen without a rebound.
17:59 of 1st period - Ryan Poehling wins face-off versus Brandon Hagel in LAS VEGAS LIZARD KINGS zone.
18:00 of 1st period - Shot by Owen Power.
18:00 of 1st period - Stopped by Mikko Koskinen without a rebound.
18:01 of 1st period - Evan Rodrigues wins face-off versus Ryan Poehling in LAS VEGAS LIZARD KINGS zone.
18:01 of 1st period - Evan Rodrigues is hit by Brandon Duhaime.
18:12 of 1st period - Shot by Jeff Carter.
18:12 of 1st period - Stopped by Philipp Grubauer without a rebound.
18:13 of 1st period - Ryan Nugent-Hopkins wins face-off versus Eetu Luostarinen in TEXAS TOROS zone.
18:13 of 1st period - Ryan Nugent-Hopkins is hit by Ryan Suter.
18:40 of 1st period - Off-side.
18:41 of 1st period - Jeff Carter wins face-off versus Ryan Poehling in neutral zone.
18:44 of 1st period - Shot by Brandon Hagel.
18:44 of 1st period - Shot Misses the Net.
19:19 of 1st period - Off-side.
19:20 of 1st period - Eetu Luostarinen wins face-off versus Ryan Nugent-Hopkins in neutral zone.
19:41 of 1st period - Double Minor Penalty to Ryan Suter for Slashing.
19:42 of 1st period - Jeff Carter wins face-off versus Trevor Zegras in TEXAS TOROS zone.
Goals for this period are 4 for TEXAS TOROS vs 1 for LAS VEGAS LIZARD KINGS.
Shots for this period are 10 for TEXAS TOROS vs 15 for LAS VEGAS LIZARD KINGS.

2nd period


0:01 of 2nd period - Trevor Zegras wins face-off versus Ryan Nugent-Hopkins in neutral zone.
0:27 of 2nd period - Dante Fabbro is hit by Nino Niederreiter and loses puck.
0:40 of 2nd period - Shot by Johnny Gaudreau.
0:40 of 2nd period - Shot Blocked by Dante Fabbro.
1:04 of 2nd period - Shot by John Marino.
1:04 of 2nd period - Shot Misses the Net.
1:35 of 2nd period - Shot by Jeff Carter.
1:35 of 2nd period - Shot Misses the Net.
3:10 of 2nd period - Shot by Brandon Hagel.
3:10 of 2nd period - Shot Misses the Net.
3:12 of 2nd period - Shot by Ryan Nugent-Hopkins.
3:12 of 2nd period - Shot Misses the Net.
4:09 of 2nd period - Shot by Dylan Gambrell.
4:09 of 2nd period - Shot Blocked by Ryan Suter.
4:13 of 2nd period - Shot by Zemgus Girgensons.
4:13 of 2nd period - Shot Blocked by Ryan Suter.
4:15 of 2nd period - Shot by Zemgus Girgensons.
4:15 of 2nd period - Stopped by Philipp Grubauer with a rebound.
4:57 of 2nd period - Icing by Erik Gustafsson.
4:58 of 2nd period - Jeff Carter wins face-off versus Connor Bunnaman in TEXAS TOROS zone.
6:02 of 2nd period - Shot by Johnny Gaudreau.
6:02 of 2nd period - Stopped by Philipp Grubauer without a rebound.
6:03 of 2nd period - Eetu Luostarinen wins face-off versus Zemgus Girgensons in TEXAS TOROS zone.
6:12 of 2nd period - Shot by Eetu Luostarinen.
6:12 of 2nd period - Shot Misses the Net.
7:02 of 2nd period - Zemgus Girgensons is hit by Jason Zucker.
7:22 of 2nd period - Shot by Trevor Zegras.
7:22 of 2nd period - Stopped by Mikko Koskinen without a rebound.
7:23 of 2nd period - Ryan Poehling wins face-off versus Nino Niederreiter in LAS VEGAS LIZARD KINGS zone.
7:28 of 2nd period - Shot by Ryan Poehling.
7:28 of 2nd period - Shot Misses the Net.
7:34 of 2nd period - Shot by Ryan Poehling.
7:34 of 2nd period - Shot Blocked by Brayden McNabb.
7:36 of 2nd period - Shot by Dante Fabbro.
7:36 of 2nd period - Stopped by Mikko Koskinen without a rebound.
7:37 of 2nd period - Jeff Carter wins face-off versus Richard Panik in LAS VEGAS LIZARD KINGS zone.
7:46 of 2nd period - Shot by Barrett Hayton.
7:46 of 2nd period - Shot Misses the Net.
7:48 of 2nd period - Shot by Eetu Luostarinen.
7:48 of 2nd period - Deflect By Richard Panik.
7:48 of 2nd period - Shot Blocked by Evan Rodrigues.
8:00 of 2nd period - Shot by Eetu Luostarinen.
8:00 of 2nd period - Stopped by Mikko Koskinen with a rebound.
8:45 of 2nd period - Shot by Johnny Gaudreau.
8:45 of 2nd period - Shot Blocked by Nate Schmidt.
8:47 of 2nd period - Shot by Brayden McNabb.
8:47 of 2nd period - Shot Misses the Net.
8:49 of 2nd period - Shot by Nino Niederreiter.
8:49 of 2nd period - Shot Misses the Net.
9:44 of 2nd period - Off-side.
9:45 of 2nd period - Ryan Poehling wins face-off versus Jeff Carter in neutral zone.
10:45 of 2nd period - Shot by Trevor Zegras.
10:45 of 2nd period - Shot Misses the Net.
10:47 of 2nd period - Shot by Jason Zucker.
10:47 of 2nd period - Stopped by Mikko Koskinen with a rebound.
11:13 of 2nd period - Brayden McNabb is hit by Vladislav Namestnikov and loses puck.
11:42 of 2nd period - Shot by Nino Niederreiter.
11:42 of 2nd period - Shot Blocked by Dante Fabbro.
11:44 of 2nd period - Shot by Nino Niederreiter.
11:44 of 2nd period - Deflect By Johnny Gaudreau.
11:44 of 2nd period - Shot Blocked by Tyson Barrie.
12:43 of 2nd period - Shot by Jason Zucker.
12:43 of 2nd period - Shot Misses the Net.
12:46 of 2nd period - Icing by Jack Johnson.
12:47 of 2nd period - Jeff Carter wins face-off versus Ryan Poehling in LAS VEGAS LIZARD KINGS zone.
12:53 of 2nd period - Nate Schmidt is hit by Brandon Hagel and loses puck.
13:02 of 2nd period - Shot by Brandon Hagel.
13:02 of 2nd period - Shot Misses the Net.
14:17 of 2nd period - Off-side.
14:18 of 2nd period - Eetu Luostarinen wins face-off versus Matthew Nieto in neutral zone.
14:28 of 2nd period - Icing by John Marino.
14:29 of 2nd period - Sean Monahan wins face-off versus Eetu Luostarinen in LAS VEGAS LIZARD KINGS zone.
14:36 of 2nd period - Shot by Victor Olofsson.
14:36 of 2nd period - Stopped by Philipp Grubauer without a rebound.
14:37 of 2nd period - Trevor Zegras wins face-off versus Ryan Nugent-Hopkins in TEXAS TOROS zone.
14:37 of 2nd period - Trevor Zegras is hit by Nino Niederreiter.
14:40 of 2nd period - Minor Penalty to Ryan Nugent-Hopkins for Hooking.
14:41 of 2nd period - Evan Rodrigues wins face-off versus Trevor Zegras in LAS VEGAS LIZARD KINGS zone.
14:52 of 2nd period - Evan Rodrigues is hit by Trevor Zegras.
15:10 of 2nd period - Shot by Jason Zucker.
15:10 of 2nd period - Shot Blocked by Evan Rodrigues.
15:12 of 2nd period - Shot by Trevor Zegras.
15:12 of 2nd period - Stopped by Mikko Koskinen with a rebound.
15:14 of 2nd period - Shot by Nate Schmidt.
15:14 of 2nd period - Stopped by Mikko Koskinen without a rebound.
15:15 of 2nd period - Eetu Luostarinen wins face-off versus Jeff Carter in LAS VEGAS LIZARD KINGS zone.
15:34 of 2nd period - Shot by Eetu Luostarinen.
15:34 of 2nd period - Deflect By Barrett Hayton.
15:34 of 2nd period - Stopped by Mikko Koskinen without a rebound.
15:35 of 2nd period - Trevor Zegras wins face-off versus Evan Rodrigues in LAS VEGAS LIZARD KINGS zone.
16:52 of 2nd period - Johnny Gaudreau is hit by Erik Gustafsson and loses puck.
17:12 of 2nd period - Ryan Nugent-Hopkins is hit by Erik Gustafsson and loses puck.
17:51 of 2nd period - Icing by John Marino.
17:52 of 2nd period - Trevor Zegras wins face-off versus Sean Monahan in LAS VEGAS LIZARD KINGS zone.
18:33 of 2nd period - Shot by Evan Rodrigues.
18:33 of 2nd period - Shot Misses the Net.
19:25 of 2nd period - Nate Schmidt is hit by Ryan Nugent-Hopkins and loses puck.
19:51 of 2nd period - Off-side.
19:52 of 2nd period - Eetu Luostarinen wins face-off versus Sean Monahan in neutral zone.
19:52 of 2nd period - Eetu Luostarinen is hit by Matthew Nieto.
19:55 of 2nd period - Richard Panik is hit by Matthew Nieto and loses puck.
Goals for this period are 0 for TEXAS TOROS vs 0 for LAS VEGAS LIZARD KINGS.
Shots for this period are 7 for TEXAS TOROS vs 3 for LAS VEGAS LIZARD KINGS.

3rd period


0:01 of 3rd period - Ryan Nugent-Hopkins wins face-off versus Eetu Luostarinen in neutral zone.
0:04 of 3rd period - Eetu Luostarinen is hit by Johnny Gaudreau and loses puck.
0:16 of 3rd period - Shot by Barrett Hayton.
0:16 of 3rd period - Shot Blocked by Johnny Gaudreau.
1:08 of 3rd period - Jason Zucker is hit by Matt Roy and loses puck.
1:52 of 3rd period - Off-side.
1:53 of 3rd period - Connor Bunnaman wins face-off versus Sean Monahan in neutral zone.
2:05 of 3rd period - Yegor Chinakhov is hit by Nick Leddy and loses puck.
2:21 of 3rd period - Off-side.
2:22 of 3rd period - Zemgus Girgensons wins face-off versus Eetu Luostarinen in neutral zone.
2:27 of 3rd period - Off-side.
2:28 of 3rd period - Eetu Luostarinen wins face-off versus Ryan Nugent-Hopkins in neutral zone.
2:33 of 3rd period - Shot by Johnny Gaudreau.
2:33 of 3rd period - Stopped by Philipp Grubauer with a rebound.
2:35 of 3rd period - Shot by Nino Niederreiter.
2:35 of 3rd period - Shot Blocked by Eetu Luostarinen.
2:51 of 3rd period - Shot by Ryan Nugent-Hopkins.
2:51 of 3rd period - Deflect By Johnny Gaudreau.
2:51 of 3rd period - Shot Misses the Net.
2:53 of 3rd period - Shot by Brayden McNabb.
2:53 of 3rd period - Stopped by Philipp Grubauer without a rebound.
2:54 of 3rd period - Trevor Zegras wins face-off versus Brandon Hagel in TEXAS TOROS zone.
2:59 of 3rd period - Shot by Trevor Zegras.
2:59 of 3rd period - Shot Misses the Net.
3:01 of 3rd period - Shot by Trevor Zegras.
3:01 of 3rd period - Shot Blocked by Evan Rodrigues.
3:25 of 3rd period - Shot by Jason Zucker.
3:25 of 3rd period - Shot Blocked by Jack Johnson.
3:27 of 3rd period - Shot by Ryan Suter.
3:27 of 3rd period - Goal by Ryan Suter - TEXAS TOROS : 5 - LAS VEGAS LIZARD KINGS : 1.
3:28 of 3rd period - Ryan Nugent-Hopkins wins face-off versus Richard Panik in neutral zone.
3:39 of 3rd period - Shot by Ryan Nugent-Hopkins.
3:39 of 3rd period - Stopped by Philipp Grubauer without a rebound.
3:40 of 3rd period - Ryan Poehling wins face-off versus Sean Monahan in TEXAS TOROS zone.
4:48 of 3rd period - Ryan Nugent-Hopkins is hit by Erik Gustafsson and loses puck.
5:26 of 3rd period - Off-side.
5:27 of 3rd period - Eetu Luostarinen wins face-off versus Evan Rodrigues in neutral zone.
5:34 of 3rd period - Shot by Barrett Hayton.
5:34 of 3rd period - Shot Blocked by Brandon Hagel.
5:36 of 3rd period - Shot by Tyson Barrie.
5:36 of 3rd period - Shot Misses the Net.
6:36 of 3rd period - Icing by John Marino.
6:37 of 3rd period - Sean Monahan wins face-off versus Connor Bunnaman in LAS VEGAS LIZARD KINGS zone.
7:17 of 3rd period - Matt Roy is hit by Connor Bunnaman and loses puck.
8:03 of 3rd period - Shot by Johnny Gaudreau.
8:03 of 3rd period - Stopped by Philipp Grubauer without a rebound.
8:04 of 3rd period - Brandon Hagel wins face-off versus Eetu Luostarinen in TEXAS TOROS zone.
8:42 of 3rd period - Icing by Erik Gustafsson.
8:43 of 3rd period - Eetu Luostarinen wins face-off versus Ryan Nugent-Hopkins in TEXAS TOROS zone.
8:48 of 3rd period - Shot by Barrett Hayton.
8:48 of 3rd period - Stopped by Mikko Koskinen without a rebound.
8:49 of 3rd period - Trevor Zegras wins face-off versus Ryan Nugent-Hopkins in LAS VEGAS LIZARD KINGS zone.
9:43 of 3rd period - Icing by Dante Fabbro.
9:44 of 3rd period - Jeff Carter wins face-off versus Trevor Zegras in TEXAS TOROS zone.
9:56 of 3rd period - Shot by Brandon Hagel.
9:56 of 3rd period - Stopped by Philipp Grubauer without a rebound.
9:57 of 3rd period - Sean Monahan wins face-off versus Eetu Luostarinen in TEXAS TOROS zone.
10:24 of 3rd period - Shot by Matthew Nieto.
10:24 of 3rd period - Shot Misses the Net.
10:56 of 3rd period - Shot by Ryan Poehling.
10:56 of 3rd period - Shot Misses the Net.
10:58 of 3rd period - Shot by Taylor Raddysh.
10:58 of 3rd period - Shot Hit the Post.
11:07 of 3rd period - Ryan Poehling is hit by Jack Johnson and loses puck.
11:16 of 3rd period - Shot by Taylor Raddysh.
11:16 of 3rd period - Shot Misses the Net.
12:13 of 3rd period - Shot by Johnny Gaudreau.
12:13 of 3rd period - Stopped by Philipp Grubauer with a rebound.
12:56 of 3rd period - Nate Schmidt is hit by Matt Roy and loses puck.
13:05 of 3rd period - Icing by Vladislav Namestnikov.
13:06 of 3rd period - Trevor Zegras wins face-off versus Zemgus Girgensons in TEXAS TOROS zone.
13:27 of 3rd period - Shot by Jason Zucker.
13:27 of 3rd period - Stopped by Mikko Koskinen without a rebound.
13:28 of 3rd period - Eetu Luostarinen wins face-off versus Johnny Gaudreau in LAS VEGAS LIZARD KINGS zone.
13:35 of 3rd period - Shot by Eetu Luostarinen.
13:35 of 3rd period - Shot Misses the Net.
13:37 of 3rd period - Shot by Barrett Hayton.
13:37 of 3rd period - Stopped by Mikko Koskinen without a rebound.
13:38 of 3rd period - Ryan Poehling wins face-off versus Jeff Carter in LAS VEGAS LIZARD KINGS zone.
13:54 of 3rd period - Ryan Poehling is hit by Matt Roy.
14:08 of 3rd period - Shot by Taylor Raddysh.
14:08 of 3rd period - Stopped by Mikko Koskinen without a rebound.
14:09 of 3rd period - Ryan Nugent-Hopkins wins face-off versus Eetu Luostarinen in LAS VEGAS LIZARD KINGS zone.
14:09 of 3rd period - Johnny Gaudreau is hit by Richard Panik and loses puck.
14:39 of 3rd period - Minor Penalty to Nate Schmidt for Interference.
14:40 of 3rd period - Jeff Carter wins face-off versus Trevor Zegras in TEXAS TOROS zone.
14:47 of 3rd period - Shot by Victor Olofsson.
14:47 of 3rd period - Shot Misses the Net.
15:05 of 3rd period - Shot by Victor Olofsson.
15:05 of 3rd period - Shot Misses the Net.
16:03 of 3rd period - Shot by Johnny Gaudreau.
16:03 of 3rd period - Shot Misses the Net.
16:05 of 3rd period - Shot by Nino Niederreiter.
16:05 of 3rd period - Shot Misses the Net.
16:27 of 3rd period - Icing by John Marino.
16:28 of 3rd period - Jeff Carter wins face-off versus Vladislav Namestnikov in LAS VEGAS LIZARD KINGS zone.
17:33 of 3rd period - Shot by Sean Monahan.
17:33 of 3rd period - Shot Misses the Net.
17:45 of 3rd period - Shot by Victor Olofsson.
17:45 of 3rd period - Shot Blocked by Owen Power.
17:47 of 3rd period - Shot by Jack Johnson.
17:47 of 3rd period - Stopped by Philipp Grubauer without a rebound.
17:48 of 3rd period - Ryan Nugent-Hopkins wins face-off versus Eetu Luostarinen in TEXAS TOROS zone.
18:58 of 3rd period - Trevor Zegras is hit by Brandon Hagel and loses puck.
19:20 of 3rd period - Shot by Trevor Zegras.
19:20 of 3rd period - Stopped by Mikko Koskinen without a rebound.
19:21 of 3rd period - Ryan Poehling wins face-off versus Sean Monahan in LAS VEGAS LIZARD KINGS zone.
19:21 of 3rd period - Taylor Raddysh is hit by Brayden McNabb and loses puck.
19:36 of 3rd period - Minor Penalty to Sean Monahan for Holding.
19:37 of 3rd period - Trevor Zegras wins face-off versus Evan Rodrigues in LAS VEGAS LIZARD KINGS zone.
19:42 of 3rd period - Shot by Trevor Zegras.
19:42 of 3rd period - Shot Misses the Net.
19:52 of 3rd period - Shot by Trevor Zegras.
19:52 of 3rd period - Deflect By Jason Zucker.
19:52 of 3rd period - Shot Misses the Net.
19:54 of 3rd period - Shot by Tyson Barrie.
19:54 of 3rd period - Stopped by Mikko Koskinen with a rebound.
Goals for this period are 1 for TEXAS TOROS vs 0 for LAS VEGAS LIZARD KINGS.
Shots for this period are 7 for TEXAS TOROS vs 7 for LAS VEGAS LIZARD KINGS.


EAST COAST

HOCKEY LEAGUE